 Dungeon Crawl Stone Soup version 0.24.0-1-gfbc8707 (webtiles) character file.

Game seed: 10093523092829093728, levelgen mode: deterministic

1281 Firecrotchwizard the Basher (level 8, -6/81 HPs)
             Began as a Troll Berserker on Nov 8, 2019.
             Was an Elder of Trog.
             Mangled by a gnoll
             ... wielding a +0 flail
              (14 damage)
             ... on level 5 of the Dungeon.
             The game lasted 00:10:53 (4435 turns).

Firecrotchwizard the Basher (Troll Berserker)       Turns: 4435, Time: 00:10:54

Health: -6/81      AC:  6    Str: 26    XL:     8   Next: 29%
Magic:  7/7        EV: 10    Int:  5    God:    Trog [****..]
Gold:   237        SH:  0    Dex: 11    Spells: 7/7 levels left

rFire    . . .     SeeInvis .   A - +1 flail (crush)
rCold    . . .     Gourm    +   (no shield)
rNeg     . . .     Faith    .   b - +0 animal skin
rPois    +         Spirit   .   (helmet restricted)
rElec    .         Reflect  .   (no cloak)
rCorr    .         Harm     .   (gloves unavailable)
MR       .....                  (boots unavailable)
Stlth    +.........             (no amulet)
HPRegen  0.63/turn              j - +2 ring of dexterity
MPRegen  0.10/turn              q - ring of poison resistance {rPois, !d}

@: no status effects
A: large, unfitting armour, claws 3, fast metabolism 3, gourmand, regeneration
1, shaggy fur 1, tough skin 3
a: Berserk, Trog's Hand, Brothers in Arms, Renounce Religion


You were on level 5 of the Dungeon.
You worshipped Trog.
Trog was greatly pleased with you.
You were very full.

You visited 1 branch of the dungeon, and saw 5 of its levels.

You collected 237 gold pieces.

Inventory:

Hand Weapons
 A - a +1 flail of crushing (weapon)
   (You took it off Edmund on level 5 of the Dungeon)
Armour
 b - a +0 animal skin (worn)
Jewellery
 j - a +2 ring of dexterity (left claw)
   (You found it on level 1 of the Dungeon)
 l - an uncursed ring of resist corrosion
   (You found it on level 2 of the Dungeon)
 q - a ring of poison resistance (right claw) {rPois, !d}
   (You found it on level 3 of the Dungeon)
Wands
 e - a wand of paralysis (7)
   (You took it off a gnoll on level 5 of the Dungeon)
 x - a wand of disintegration (14)
   (You found it on level 5 of the Dungeon)
Scrolls
 a - a scroll of noise {unknown}
 d - 5 scrolls of enchant armour {unknown}
 f - 3 scrolls of immolation {unknown}
 h - a scroll of fear {unknown}
 i - 6 scrolls of magic mapping {unknown}
 k - a scroll of enchant weapon {unknown}
 o - a scroll of fog {unknown}
 r - 3 scrolls of teleportation {unknown}
 u - a scroll of identify
 v - a scroll of random uselessness {unknown}
 y - 2 scrolls of amnesia {unknown}
Potions
 m - 2 potions of resistance
 n - 2 potions of brilliance
 p - a potion of magic {unknown}
 s - 2 potions of degeneration {unknown}
 t - 2 potions of lignification {!q}
 w - a potion of agility {unknown}
 z - a potion of flight {unknown}
Comestibles
 c - 12 rations
 g - 5 chunks of flesh {@w0}


   Skills:
 + Level 5.4 Fighting
 * Level 8.0 Maces & Flails
 - Level 2.4 Dodging


You had 7 spell levels left.
You didn't know any spells.
Your spell library was empty.

Dungeon Overview and Level Annotations

Branches:
Dungeon (5/15)
 Temple: D:4-7

Altars:
Gozag
Hepliaklqana
Ru

Shops:
D:4 (   D:5 ?

Annotations:
D:2 1 runed translucent door, Crazy Yiuf, Sigmund
D:4 Eustachio


Innate Abilities, Weirdness & Mutations

You are too large for most types of armour.
You have claws for hands.
Your metabolism is lightning-fast.
You like to eat raw meat.
Your natural rate of healing is unusually fast.
You are covered in fur. (AC +1)
You have extremely tough skin. (AC +3)


Message History

There isn't anything to butcher here.
A gnoll comes into view. It is wielding a +0 halberd.
Things that are here:
a +0 spear; a gnoll corpse You butcher the gnoll corpse.
Things that are here:
a +0 spear; 3 chunks of flesh {@w0}; a gnoll skeleton The gnoll barely misses you.
You see here a +0 spear.
You barely miss the gnoll.
You recover from your berserk rage.
The gnoll closely misses you.
You closely miss the gnoll. The gnoll hits you with a +0 halberd.
You take 3 damage, and have 70/80 hp.
You closely miss the gnoll. The gnoll hits you with a +0 halberd.
You take 4 damage, and have 66/80 hp.
You barely miss the gnoll. You thump the gnoll!
You kill the gnoll!
Trog accepts your kill.
A gnoll comes into view. It is wielding a +0 halberd.
You see here a +0 halberd.
You close the door.
You start resting.
Eating one of 6 chunks of flesh {@w0}.
You eat one of the 6 chunks of flesh {@w0}.
This raw flesh tastes great.
Something unseen opens the door.
A gnoll comes into view.
It is wielding a +0 flail. 2 gnolls come into view.
The gnoll shouts! x2; You hear a shout!
The gnoll shouts!
You hear a shout! x3
There is an open door here.
The gnoll shouts!
You thump the gnoll!
You kill the gnoll!
Trog accepts your kill.
Your Maces & Flails skill increases to level 8!
You hear a shout!
You hit the gnoll. The gnoll misses you. The gnoll closely misses you.
You see here a +0 halberd.
You see here a +0 spear.
Things that are here:
a +0 spear; 3 chunks of flesh {@w0}; a gnoll skeleton The gnoll shouts!
There is an open door, spattered with blood here.
Things that are here:
a +0 club; a scroll labeled SIMPO XUOV; a +0 whip The gnoll hits you but does no damage.
There is a huge open gate here.
Health restored: 81 You barely miss the gnoll.
The gnoll hits you with a +0 whip.
You take 6 damage, and have 75/81 hp.
You thump the gnoll!
You kill the gnoll!
Trog accepts your kill. The gnoll barely misses you.
The gnoll hits you with a +0 flail. The gnoll closely misses you.
The gnoll hits you with a +0 halberd.
Things that are here:
a +0 whip; a gnoll corpse You take 4 damage, and have 72/81 hp.
You sock the gnoll!
You kill the gnoll!
Trog accepts your kill. The gnoll hits you but does no damage.
The gnoll barely misses you.
You sock the gnoll! The gnoll hits you with a +0 flail.
The gnoll barely misses you. The gnoll closely misses you.
You take 3 damage, and have 70/81 hp.
You sock the gnoll!
You kill the gnoll!
Trog accepts your kill. The gnoll hits you with a +0 flail!
You take 7 damage, and have 63/81 hp.
You hit the gnoll. The gnoll hits you with a +0 flail!
The gnoll barely misses you. The gnoll hits you but does no damage.
You take 8 damage, and have 55/81 hp.
You closely miss the gnoll. The gnoll misses you.
You closely miss the gnoll. The gnoll closely misses you. The gnoll misses you.
The gnoll barely misses you.
You barely miss the gnoll. The gnoll misses you.
The gnoll splashes around in the water.
The gnoll hits you but does no damage.
You closely miss the gnoll. The gnoll closely misses you.
The gnoll barely misses you. x2
You hit the gnoll. The gnoll hits you with a +0 flail. x2
You take 12 damage, and have 46/81 hp.
You barely miss the gnoll.
The gnoll splashes around in the water.
The gnoll hits you with a +0 flail. The gnoll barely misses you.
You take 2 damage, and have 44/81 hp.
You closely miss the gnoll. The gnoll hits you but does no damage.
You barely miss the gnoll. The gnoll hits you with a +0 flail! x2
* * * LOW HITPOINT WARNING * * *
The gnoll hits you but does no damage.
You take 23 damage, and have 21/81 hp.
MASSIVE DAMAGE!!
You hit the gnoll. The gnoll hits you with a +0 flail!
* * * LOW HITPOINT WARNING * * *
The gnoll hits you but does no damage. The gnoll closely misses you.
You take 8 damage, and have 13/81 hp.
You hit the gnoll but do no damage. The gnoll hits you with a +0 flail.
* * * LOW HITPOINT WARNING * * *
The gnoll hits you with a +0 flail!
You die...

..............# #...(...^.......#
......####.#### #...............#
.###.#...<.## #..............##
......)###..#####.............###
.............()..................
≈≈≈≈≈≈≈≈≈....≈≈≈≈≈≈≈≈≈≈≈≈≈≈≈≈≈≈≈.
≈≈≈≈≈≈≈≈≈....≈≈≈≈≈≈≈≈≈≈≈≈≈≈≈≈≈≈≈.
≈≈≈≈≈≈≈≈≈....≈≈gg≈≈≈≈≈≈≈≈#####≈≈.
...............g@........#.g #≈≈.
#########''''#############.g #≈≈P
#....#.......# #+###≈≈.
...#.).g#.)))÷..# #.≈≈≈.
^.....)...)'.g.)g).# #.≈≈≈.
##################'# #.≈≈≈.
#...g..)# #.≈≈≈. .....g..# #.≈≈≈.
...g....# #.≈≈≈)


You could see 3 gnolls.

Vanquished Creatures
  Edmund (D:5)
  A sky beast (D:5)
  An ogre (D:3)
  2 scorpions (D:4)
  5 crimson imps (D:5)
  3 gnoll shamans (D:5)
  A jelly (D:5)
  Natasha (thrice) (D:2)
  5 worker ants
  22 gnolls
  7 adders
  An ooze (D:1)
  An adder skeleton (D:4)
  5 worms
  2 dart slugs (D:2)
  2 leopard geckos
  4 orcs (D:3)
  2 ball pythons
  6 bats
  3 giant cockroaches
  10 goblins
  6 hobgoblins
  22 jackals
  A quokka (D:4)
  4 frilled lizards
  13 kobolds
  2 leopard gecko skeletons
  A leopard gecko zombie (D:5)
  8 rats
144 creatures vanquished.

Notes
Turn   | Place    | Note
-------+----------+-------------------------------------------
     0 | D:1      | Firecrotchwizard the Troll Berserker began the quest for
                  | the Orb.
     0 | D:1      | Reached XP level 1. HP: 22/22 MP: 0/0
   316 | D:1      | Reached skill level 3 in Maces & Flails
   364 | D:1      | Reached XP level 2. HP: 29/29 MP: 1/1
   946 | D:1      | Reached XP level 3. HP: 35/36 MP: 2/2
  1134 | D:2      | Reached ** piety under Trog
  1190 | D:2      | Reached skill level 3 in Fighting
  1202 | D:2      | Noticed Natasha
  1228 | D:2      | Killed Natasha
  1228 | D:2      | Reached skill level 4 in Maces & Flails
  1228 | D:2      | Reached XP level 4. HP: 41/45 MP: 3/3
  1257 | D:2      | Noticed Natasha
  1262 | D:2      | Killed Natasha
  1304 | D:2      | Noticed Sigmund
  1582 | D:2      | Found a sacrificial altar of Ru.
  1707 | D:2      | Found a runed translucent door.
  1708 | D:2      | Noticed Crazy Yiuf
  1810 | D:2      | Noticed Natasha
  1818 | D:2      | Killed Natasha
  1818 | D:2      | Reached XP level 5. HP: 39/53 MP: 4/4
  2181 | D:3      | Reached skill level 5 in Maces & Flails
  2502 | D:3      | Noticed an ogre
  2510 | D:3      | Killed an ogre
  2510 | D:3      | Reached *** piety under Trog
  2510 | D:3      | Reached XP level 6. HP: 62/62 MP: 5/5
  3015 | D:4      | Reached skill level 4 in Fighting
  3056 | D:4      | Found a hazy altar of Hepliaklqana.
  3092 | D:4      | Found Tioxicza's Weapon Emporium.
  3194 | D:4      | Noticed Eustachio
  3247 | D:4      | HP: 15/62 [scorpion (5)]
  3252 | D:4      | HP: 8/62 [scorpion (6)]
  3259 | D:4      | Reached skill level 6 in Maces & Flails
  3352 | D:4      | Reached XP level 7. HP: 68/70 MP: 6/6
  3598 | D:5      | Entered Level 5 of the Dungeon
  3898 | D:5      | Reached skill level 7 in Maces & Flails
  4000 | D:5      | Noticed Edmund
  4010 | D:5      | Killed Edmund
  4010 | D:5      | Reached skill level 5 in Fighting
  4060 | D:5      | Reached XP level 8. HP: 76/80 MP: 7/7
  4179 | D:5      | Found an opulent altar of Gozag.
  4209 | D:5      | Found Iliczo's Magic Scroll Boutique.
  4225 | D:5      | Reached **** piety under Trog
  4360 | D:5      | HP: 28/120 [gnoll shaman/+0 club (8)]
  4363 | D:5      | HP: 13/120 [gnoll/+0 spear (10)]
  4364 | D:5      | HP: 6/120 [gnoll/+0 spear (8)]
  4402 | D:5      | Reached skill level 8 in Maces & Flails
  4434 | D:5      | HP: 13/81 [gnoll/+0 flail (9)]
  4435 | D:5      | Mangled by a gnoll

Levels and vault maps discovered:
D:1:      moated_graveyard_arrival, layout_basic,
          chequers_serial_rivers_small_3, corner_web_ring, minmay_octomino_e4
D:2:      layout_loops_ring, lemuel_statue_altar, uniq_sigmund, uniq_natasha,
          uniq_crazy_yiuf_cottage
D:3:      layout_basic, first_ration
D:4:      layout_rooms, old_standard_altar, serial_shops, shop_statue,
          uniq_eustachio
D:5:      lemuel_castle_with_subvaults [lemuel_castle_interior_carwin_3],
          layout_rooms, minmay_temple_entry_poolview, serial_shops,
          nicolae_shop_waterfront, nicolae_gozag_seed_capital, uniq_edmund

Skill      XL: |  1  2  3  4  5  6  7  8 |
---------------+-------------------------+-----
Maces & Flails | 3 4 5 6 7 8 |  8.0
Fighting       | 3 4 5 |  5.4
Dodging        | |  2.4

Action                   |  1- 3 |  4- 6 |  7- 9 || total
-------------------------+-------+-------+-------++-------
Melee: Mace              |   122 |   141 |       ||   263
       Unarmed           |     4 |       |       ||     4
       Flail             |       |    82 |   225 ||   307
Invok: Trog's Hand       |     1 |     1 |     1 ||     3
       Berserk           |       |     2 |     1 ||     3
  Use: Potion            |       |     1 |     2 ||     3
       Scroll            |       |       |     5 ||     5
 Stab: Sleeping          |     1 |       |       ||     1
  Eat: Chunk             |    15 |    24 |    11 ||    50
Armor: Animal skin       |   102 |    86 |   108 ||   296
Dodge: Dodged            |   132 |   143 |   169 ||   444

Levels and vault maps discovered:
D:1:      moated_graveyard_arrival, layout_basic,
          chequers_serial_rivers_small_3, corner_web_ring, minmay_octomino_e4
D:2:      layout_loops_ring, lemuel_statue_altar, uniq_sigmund, uniq_natasha,
          uniq_crazy_yiuf_cottage
D:3:      layout_basic, first_ration
D:4:      layout_rooms, old_standard_altar, serial_shops, shop_statue,
          uniq_eustachio
D:5:      lemuel_castle_with_subvaults [lemuel_castle_interior_carwin_3],
          layout_rooms, minmay_temple_entry_poolview, serial_shops,
          nicolae_shop_waterfront, nicolae_gozag_seed_capital, uniq_edmund

Table legend:
 A = Turns spent in this place as a percentage of turns spent in the entire game.
 B = Non-inter-level travel turns spent in this place as a percentage of non-inter-level travel turns spent in the entire game.
 C = Inter-level travel turns spent in this place as a percentage of turns spent in this place.
 D = Turns resting spent in this place as a percentage of non-inter-level travel turns spent in this place.
 E = Turns spent auto-exploring this place as a percentage of non-inter-level travel turns spent in this place.
 F = Non-inter-level travel turns spent in this place divided by the number of levels of this place that you've seen.
                   A       B       C       D       E      F
               +-------+-------+-------+-------+-------+----------------------
         Total | 100.0 | 100.0 |   2.8 |  13.8 |  59.7 | 861.8
       Dungeon | 100.0 | 100.0 |   2.8 |  13.8 |  59.7 | 861.8
               +-------+-------+-------+-------+-------+----------------------

Table legend:
 A = Kills in this place as a percentage of kills in entire the game.
 B = Kills by you in this place as a percentage of kills by you in the entire game.
 C = Kills by friends in this place as a percentage of kills by friends in the entire game.
 D = Other kills in this place as a percentage of other kills in the entire game.
 E = Experience gained in this place as a percentage of experience gained in the entire game.
 F = Experience gained in this place divided by the number of levels of this place that you have seen.
                   A       B       C       D       E      F
               +-------+-------+-------+-------+-------+----------------------
         Total | 100.0 | 100.0 |   N/A |   N/A | 100.0 | 366.2
       Dungeon | 100.0 | 100.0 |   N/A |   N/A | 100.0 | 366.2
               +-------+-------+-------+-------+-------+----------------------
